 Dungeon Crawl Stone Soup version 0.31-a0-1001-g770356a28f (webtiles) character file.

Game seed: 2884868797180745827

2302 Gargoyl the Cleaver (level 9, -1/84 HPs)
             Began as a Gargoyle Berserker on Nov 8, 2023.
             Was a Priest of Trog.
             Slain by an ogre
             ... wielding a +0 halberd
              (11 damage)
             ... in a bailey.
             The game lasted 00:08:21 (5718 turns).

Gargoyl the Cleaver (Gargoyle Berserker)            Turns: 5718, Time: 00:08:22

Health: -1/84      AC: 18    Str: 22    XL:     9   Next: 40%
Magic:  9/9        EV: 14    Int:  7    God:    Trog [***...]
Gold:   149        SH:  0    Dex: 13    Spells: 8/8 levels left

rFire   + . .        k - +2 war axe (elec)
rCold   . . .        (no shield)
rNeg    + . .        h - +1 chain mail of Circular Logic {rF+}
rPois   ∞            (no helmet)
rElec   +            j - +0 cloak
rCorr   .            (no gloves)
SInv    .            (no boots)
Will    ++...        g - amulet of regeneration Stlth
                     t - +5 ring of evasion
HPRegen 2.14/turn    (no ring)
MPRegen 0.11/turn

%: no passive effects
@: berserking, strong-willed, regenerating, very quick
A: sickness immunity, AC +6, negative energy resistance 1, electricity
resistance, torment resistance 1, petrification resistance
a: Renounce Religion, Berserk, Trog's Hand


You were in a bailey.
You worshipped Trog.
Trog was most pleased with you.
You visited 1 branch of the dungeon, and saw 7 of its levels.
You also visited: Sewer and Bailey.

You collected 324 gold pieces.
You spent 175 gold pieces at shops.

Inventory:

Hand Weapons
 a - a +1 hand axe
 k - a +2 war axe of electrocution (weapon)
 n - a +3 flail of protection
Missiles
 m - 12 poisoned darts (quivered)
Armour
 h - the +1 chain mail of Circular Logic (worn) {rF+}
   (You found it on level 5 of the Dungeon)

   rF+:       It protects you from fire.
 j - a +0 cloak (worn)
Jewellery
 g - an amulet of regeneration (around neck)
 t - a +5 ring of evasion (left hand)
Wands
 i - a wand of paralysis (10)
 o - a wand of flame (22)
 y - a wand of digging (9)
Scrolls
 b - a scroll of teleportation
 e - 2 scrolls of identify
 f - a scroll of revelation
 s - 2 scrolls of summoning
 u - a scroll of blinking
Potions
 c - 7 potions of curing
 d - a potion of attraction
 l - a potion of might
 p - a potion of resistance
 q - 3 potions of heal wounds
 r - 2 potions of ambrosia
 v - a potion of brilliance {unknown}
 w - a potion of lignification
 x - a potion of berserk rage


   Skills:
 + Level 6.8 Fighting
 + Level 8.7 Axes
 + Level 0.4 Throwing
 + Level 4.5 Armour
 + Level 3.7 Dodging
 + Level 2.9 Stealth


You had 8 spell levels left.
You didn't know any spells.
Your spell library was empty.

Dungeon Overview and Level Annotations

Branches:
Dungeon (7/15)             Temple (0/1) D:6           Sewer (visited)
 Bailey (1/1)

Altars:
Dithmenos
Kikubaaqudgha
Makhleb
Nemelex Xobeh
Okawaru
Vehumet
Xom
Yredelemnul
The Shining One

Shops:
D:5 [:((!


Innate Abilities, Weirdness & Mutations

You are immune to sickness and miasma.
Your stone body is resilient. (AC +6)
You are immune to poison.
You resist negative energy. (rN+)
You are resistant to electric shocks. (rElec)
You are resistant to unholy torment.
You are immune to petrification.


Message History

Unknown command.
The ogre misses you. The spriggan misses you.
The ogre hits you with a +0 halberd! The spriggan misses you.
The ogre closely misses you.
A red film seems to cover your vision as you go berserk!
You feel yourself moving faster!
You feel mighty!
You can no longer call in reinforcements.
The spriggan closely misses you. x2; The ogre closely misses you.
The ogre hits you from afar with a +0 halberd.
You hit the ogre.
The ogre is lightly wounded.
You slash the ogre! The ogre hits you with a +0 glaive!
The spriggan hits you from afar with a +0 trident.
The spriggan hits you from afar with a +0 spear.
Unknown command.
You slice the ogre!!
The ogre is severely wounded.
You slash the ogre!
You hear a shout!
The ogre hits you from afar with a +0 halberd.
* * * LOW HITPOINT WARNING * * *
The ogre hits you but does no damage.
The spriggan hits you from afar with a +0 trident.
* * * LOW HITPOINT WARNING * * *
You barely miss the ogre. Your punch misses the ogre.
The ogre is severely wounded.
You slash the ogre!
You kill the ogre!
Trog accepts your kill. The spriggan barely misses you.
The ogre closely misses you.
The spriggan hits you from afar with a +0 trident!
* * * LOW HITPOINT WARNING * * *
You slash the ogre!
You kill the ogre!
Trog accepts your kill.
You hear a splash.
The spriggan hits you from afar with a +0 spear.
* * * LOW HITPOINT WARNING * * *
The ogre hits you from afar with a +0 halberd!
You die...

#########
##.O.....##
#...)@....##
#....~)~i...##
#..##♣#i♣##♣..##
. .ii. ♣#..##
.i♣♣♣♣ ##..# ..
#..# . #..# #..#
♣..#


You could see an ogre and 4 spriggans.

Vanquished Creatures
  Grinder (D:4)
  Sigmund (D:2)
  Edmund (D:4)
  Menkaure (D:5)
  2 ice beasts (D:7)
  2 ogres (Bailey)
  A kobold brigand (D:7)
  5 bullfrogs
  3 scorpions
  4 wights (D:6)
  2 howler monkeys (D:7)
  2 hounds
  5 jellies
  An orc priest (D:5)
  An iguana (D:6)
  3 gnolls
  A river rat (D:5)
  10 adders
  4 ufetubi
  5 worms
  A dart slug (D:5)
  15 orcs
  10 endoplasms
  17 giant cockroaches
  13 goblins
  5 hobgoblins
  2 jackals (D:1)
  9 kobolds
  6 quokkas
  15 ball pythons
  6 bats
  10 frilled lizards
  2 rats
166 creatures vanquished.

Vanquished Creatures (collateral kills)
  A hobgoblin (D:2)
1 creature vanquished.

Grand Total: 167 creatures vanquished

Notes
Turn   | Place    | Note
-------+----------+-------------------------------------------
     0 | D:1      | Gargoyl the Gargoyle Berserker began the quest for the Orb.
     0 | D:1      | Reached XP level 1. HP: 14/14 MP: 1/1
   202 | D:1      | Reached XP level 2. HP: 19/19 MP: 2/2
   320 | D:1      | Reached skill level 3 in Axes
   470 | D:1      | Found a faded altar of an unknown god.
   912 | D:2      | Reached XP level 3. HP: 24/24 MP: 3/3
  1146 | D:2      | Reached ** piety under Trog
  1264 | D:2      | Noticed Sigmund
  1273 | D:2      | Killed Sigmund
  1274 | D:2      | Reached skill level 4 in Axes
  1274 | D:2      | Reached XP level 4. HP: 30/30 MP: 4/4
  1274 | D:2      | Reached XP level 5. HP: 34/34 MP: 5/5
  1636 | D:3      | Found a shadowy altar of Dithmenos.
  1815 | D:3      | Found a large runed translucent door.
  1816 | D:3      | Found a large runed translucent door.
  1837 | D:3      | Found a radiant altar of Vehumet.
  1843 | D:3      | Reached XP level 6. HP: 39/39 MP: 6/6
  1851 | D:3      | Found an iron altar of Okawaru.
  1959 | D:3      | Found an ancient bone altar of Kikubaaqudgha.
  1962 | D:3      | Found a burning altar of Makhleb.
  2009 | D:3      | Reached skill level 5 in Axes
  2456 | D:3      | Found a sparkling altar of Nemelex Xobeh.
  2472 | D:3      | Found a glowing golden altar of the Shining One.
  2519 | D:4      | Noticed Grinder
  2553 | D:4      | Killed Grinder
  2554 | D:4      | Reached skill level 5 in Fighting
  2554 | D:4      | Reached skill level 1 in Stealth
  2554 | D:4      | Reached XP level 7. HP: 44/44 MP: 7/7
  2577 | D:4      | Noticed Edmund
  2598 | D:4      | Killed Edmund
  2599 | D:4      | Reached skill level 6 in Axes
  3203 | D:5      | Entered Level 5 of the Dungeon
  3224 | D:5      | Noticed Menkaure
  3237 | D:5      | Killed Menkaure
  3273 | D:5      | Reached XP level 8. HP: 49/50 MP: 8/8
  3307 | D:5      | Found a shimmering altar of Xom.
  3410 | D:5      | Found Dedadywk's Book Shop.
  3414 | D:5      | Found Yqeturri's Antique Weapon Shop.
  3452 | D:5      | Found a glowing drain.
  3465 | Sewer    | Entered a sewer
  3515 | Sewer    | Reached *** piety under Trog
  3661 | Sewer    | Reached skill level 7 in Axes
  4122 | D:5      | Bought a glowing war axe for 175 gold pieces
  4134 | D:5      | Identified the +1 chain mail of Circular Logic {rF+}
  4139 | D:5      | Found Okowyurgh's Distillery.
  4170 | D:5      | Found Walejiaw's Antique Weapon Emporium.
  4257 | D:5      | Found Sim Gomo's Armour Shoppe.
  4571 | D:6      | Found a staircase to the Ecumenical Temple.
  5218 | D:6      | Reached skill level 8 in Axes
  5218 | D:6      | Reached XP level 9. HP: 56/56 MP: 9/9
  5348 | D:7      | Reached **** piety under Trog
  5560 | D:7      | Found a basalt altar of Yredelemnul.
  5666 | D:7      | Found a flagged portal.
  5677 | Bailey   | Entered a bailey
  5718 | Bailey   | Slain by an ogre

Illustrated notes

Levels and vault maps discovered:
D:1:      dpeg_arrival_short_road, layout_basic,
          hellmonk_ecumenical_altar_crossroads, chequers_avenue,
          hangedman_glass_teeth
D:2:      layout_basic, uniq_sigmund
D:3:      mumra_celtic_spiral_tile, layout_basic, mainiacjoe_overflow_big_doors,
          minitemple, mainiacjoe_overflow_six_doors_small, jmf_multi_god_temple2
D:4:      layout_cave_pools, minmay_unequal, uniq_edmund, uniq_grinder
D:5:      layout_basic, brannock_xom_greatest_gift,
          mainiacjoe_sewer_entry_somewhere_in_here_1, serial_glass,
          glass_columns_c, glass_columns_c, glass_columns_a, glass_columns_c,
          item_on_display_a, feat_on_display, serial_shops,
          nicolae_shop_overgrown_old_shop, nicolae_book_shop_shelving, shop,
          nicolae_shop_behind_doors, shop_fountains, minmay_misc_feat_diagonals,
          uniq_menkaure
D:6:      layout_cave_pods, minmay_temple_entry_gardened_gates
D:7:      layout_loops_corners, mainiacjoe_overflow_chevrons, enter_bailey_7
Bailey:   bailey_polearm_enchanted_keep_hellmonk, bailey

Skill      XL: |  1  2  3  4  5  6  7  8 |
---------------+-------------------------+-----
Axes           | 3 4 5 6 8 |  8.7
Fighting       | 4 5 6 |  6.8
Dodging        | 2 3 |  3.7
Stealth        | 1 2 |  2.9
Armour         | 4 |  4.5
Throwing       | |  0.4

Action                     |  1- 3 |  4- 6 |  7- 9 || total
---------------------------+-------+-------+-------++-------
  Melee: Hand axe          |    76 |   143 |   194 ||   413
         Punch             |       |     2 |     3 ||     5
         War axe           |       |       |   113 ||   113
  Throw: Dart              |       |       |     3 ||     3
 Invoke: Berserk           |     1 |     2 |     6 ||     9
         Trog's Hand       |     1 |     2 |     1 ||     4
    Use: Scroll            |     6 |       |    10 ||    16
         Potion            |       |       |     2 ||     2
   Stab: Sleeping          |       |     2 |       ||     2
 Armour: Animal skin       |    63 |    78 |     6 ||   147
         Ring mail         |       |       |   116 ||   116
         Chain mail        |       |       |    83 ||    83
  Dodge: Dodged            |    54 |    79 |   235 ||   368

Table legend: (Time is in decaauts)
 A = Elapsed time spent in this place.
 B = Non-inter-level travel time spent in this place.
 C = Inter-level travel time spent in this place.
 D = Time resting spent in this place.
 E = Time spent auto-exploring this place.
 F = Levels seen in this place.
 G = Mean time per level.
                   A        B        C        D        E       F      G
               +--------+--------+--------+--------+--------+-----+--------+
         Total |   5919 |   5814 |    105 |    168 |   3817 |   9 |  657.7 |
       Dungeon |   5131 |   5026 |    105 |     47 |   3492 |   7 |  733.0 |
         Sewer |    746 |    746 |      0 |    121 |    295 |   1 |  746.0 |
        Bailey |     41 |     41 |      0 |      0 |     29 |   1 |   41.0 |
               +--------+--------+--------+--------+--------+-----+--------+

Top non-repeatable levels by time:
     D:3: 925 daAuts
     D:1: 876 daAuts
     D:6: 796 daAuts
   Sewer: 746 daAuts
     D:4: 738 daAuts
     D:2: 735 daAuts
     D:5: 682 daAuts
     D:7: 377 daAuts
  Bailey: 41 daAuts
